 Dungeon Crawl Stone Soup version 0.24-a0-484-g962a3eeff7 (webtiles) character file.

Game seed: 534264801823948913

116 Gynju the Conjurer (level 4, -5/33 HPs)
             Began as a Draconian Conjurer on July 9, 2019.
             Killed by divine providence
             ... invoked by an orc priest
              (13 damage)
             ... on level 2 of the Dungeon.
             The game lasted 00:05:58 (2472 turns).

Gynju the Conjurer (Draconian Conjurer)             Turns: 2472, Time: 00:05:59

Health: -5/33      AC:  5    Str: 11    XL:     4   Next: 70%
Magic:  9/9        EV: 12    Int: 16    God:
Gold:   104        SH:  0    Dex: 11    Spells: 5/10 levels left

rFire    . . .     SeeInvis .   a - +2 hunting sling (freeze)
rCold    . . .     Gourm    .   (no shield)
rNeg     . . .     Faith    .   (armour unavailable)
rPois    .         Spirit   .   (helmet restricted)
rElec    .         Reflect  .   (no cloak)
rCorr    .         Harm     .   (no gloves)
MR       .....                  (no boots)
Stlth    ++........             (no amulet)
HPRegen  0.11/turn              (no ring)
MPRegen  0.11/turn              (no ring)

@: no status effects
A: unfitting armour, cold-blooded, AC +5
a: no special abilities


You were on level 2 of the Dungeon.
You were not hungry.

You visited 1 branch of the dungeon, and saw 2 of its levels.

You collected 104 gold pieces.

Inventory:

Hand Weapons
 a - a +2 hunting sling of freezing (weapon)
 b - a +0 falchion
Missiles
 d - 40 stones (quivered)
Jewellery
 m - an uncursed ring of positive energy {unknown}
Scrolls
 e - 3 scrolls of identify
 f - a scroll of teleportation {unknown}
 g - 2 scrolls of remove curse
 i - a scroll of amnesia {unknown}
 j - a scroll of immolation {unknown}
 p - a scroll of blinking {unknown}
Potions
 c - a potion of curing {unknown}
 h - a potion of magic {unknown}
 n - a potion of berserk rage {unknown}
 o - a potion of cancellation {unknown}
Comestibles
 k - 6 chunks of flesh
 l - 8 rations


   Skills:
 - Level 1.7 Dodging
 - Level 1.7 Stealth
 + Level 3.5 Spellcasting
 + Level 5.1 Conjurations


You had 5 spell levels left.
You knew the following spells:

 Your Spells              Type           Power        Failure   Level  Hunger
a - Magic Dart            Conj           ###.         2%          1    None
b - Iskenderun's Mystic   Conj           ###.....     22%         4    ####...

Your spell library contained the following spells:

 Spells                   Type           Power        Failure   Level  Hunger
 Searing Ray              Conj           ###...       3%          2    ##.....
 Dazzling Spray           Conj/Hex       ##....       19%         3    ###....
 Force Lance              Conj/Tloc      ##......     52%         4    ####...
 Fulminant Prism          Conj/Hex       ##........   52%         4    ####...


Dungeon Overview and Level Annotations

Branches:
Dungeon (2/15)

Altars:
Okawaru

Annotations:
D:1 1 runed translucent door


Innate Abilities, Weirdness & Mutations

Your plain brown scales are hard. (AC +5)
You cannot fit into any form of body armour.
You are cold-blooded and may be slowed by cold attacks.


Message History

An orc comes into view. It is wielding a -1 flail.
Casting: Magic Dart (safe; 2% risk of failure)
Confirm with . or Enter, or press ? or * to list all spells.
Aiming: Magic Dart (safe; 2% risk of failure)
Press: ? - help, Shift-Dir - straight line, f/p - orc priest
Aim: an orc priest, wielding a +0 hand axe and wearing a cursed +0 leather armour The magic dart hits the orc priest.
The orc priest is lightly wounded.
The orc shouts!
The orc priest casts a cantrip, but nothing happens.
There is a stone staircase leading down here.
The orc priest invokes the aid of Beogh against you.
Beogh smites you!
Ouch! That really hurt!
The orc priest mumbles some strange prayers to Beogh against you.
Beogh smites you!
* * * LOW HITPOINT WARNING * * *
The orc priest calls down the wrath of Beogh upon you.
Beogh smites you!
You die...

#####.....########.#
............o...>..#
####..##############
#..#############
#.....o........#
#.######.......# #.#
#.......# #.#
#.......# #.#
#.....@.# #.#
#######.# #.# #.#
#.# #.# #.#
#######'## #.#
#........# ## #.#
#.#......# .# #.#
#........# .# #.#
#.##.....#


You could see an orc priest.

Vanquished Creatures
  A bullfrog skeleton (D:2)
  3 adders (D:2)
  An ooze (D:1)
  A worm (D:2)
  2 dart slugs
  3 leopard geckos
  8 bats
  3 giant cockroaches
  6 hobgoblins
  5 kobolds
  A ball python (D:2)
  6 frilled lizards
  5 goblins
  4 rats
49 creatures vanquished.

Notes
Turn   | Place    | Note
-------+----------+-------------------------------------------
     0 | D:1      | Gynju the Draconian Conjurer began the quest for the Orb.
     0 | D:1      | Reached XP level 1. HP: 14/14 MP: 3/3
     1 | D:1      | Found a runed translucent door.
     2 | D:1      | Noticed a jelly
   231 | D:1      | Reached XP level 2. HP: 18/20 MP: 0/5
  1078 | D:1      | Reached XP level 3. HP: 26/26 MP: 2/7
  1331 | D:1      | Found an iron altar of Okawaru.
  1882 | D:2      | Reached skill level 5 in Conjurations
  1882 | D:2      | Reached XP level 4. HP: 24/33 MP: 0/9
  1888 | D:2      | Learned a level 4 spell: Iskenderun's Mystic Blast
  2445 | D:2      | Found an iron altar of Okawaru.
  2472 | D:2      | Killed from afar by an orc priest

Levels and vault maps discovered:
D:1:      dpeg_arrival_caged_fury, layout_basic, okawaru_ov_weapons_minmay
D:2:      layout_basic, lemuel_crystal_altar, first_ration,
          hangedman_abyss_or_decor_lesser_grid

Skill      XL: |  1  2  3 |
---------------+----------+-----
Spellcasting   | 3 |  3.5
Conjurations   | 5 |  5.1
Dodging        | |  1.7
Stealth        | |  1.7

Action                   |  1- 3 |  4- 6 || total
-------------------------+-------+-------++-------
Melee: Unarmed           |     6 |       ||     6
       Club              |     9 |       ||     9
       Hand axe          |     4 |       ||     4
       Tailslap          |     1 |       ||     1
       Falchion          |       |     2 ||     2
 Fire: Hunting sling     |     6 |       ||     6
 Cast: Magic Dart        |    80 |    25 ||   105
  Use: Scroll            |     2 |       ||     2
  Eat: Chunk             |     4 |     1 ||     5
Armor: Skin              |     5 |     2 ||     7
Dodge: Dodged            |    29 |     4 ||    33
       Rpst.: Falchion   |       |     1 ||     1

Table legend:
 A = Non-vault XP
 B = Vault XP
 C = Vault XP percentage of total XP
 D = Non-vault monster count
 E = Vault monster count
 F = Vault count percentage of total count
                 A         B        C        D         E       F
            +---------+---------+-------+---------+---------+-------
      Total |     167 |       0 |   0.0 |      49 |       0 |   0.0
            +---------+---------+-------+---------+---------+-------
        D:1 |      55 |       0 |   0.0 |      29 |       0 |   0.0
        D:2 |     112 |       0 |   0.0 |      20 |       0 |   0.0
            +---------+---------+-------+---------+---------+-------
